 Dungeon Crawl Stone Soup version 0.31-a0-986-g5e6e4ef867 (webtiles) character file.

Game seed: 10325611872042818290

1486 DocClef the Changeling (level 8, -3/56 HPs)
             Began as a Demonspawn Shapeshifter on Nov 6, 2023.
             Was an Initiate of Trog.
             Slain by Pikel
             ... wielding a +0 whip of electrocution
              (13 damage)
             ... on level 6 of the Dungeon.
             The game lasted 00:06:07 (5656 turns).

DocClef the Changeling (Demonspawn Shapeshifter)    Turns: 5656, Time: 00:06:10

Health: -3/56      AC:  7    Str: 17    XL:     8   Next: 50%
Magic:  0/8        EV: 11    Int: 11    God:    Trog [......]
Gold:   219        SH:  4    Dex: 13    Spells: 7/7 levels left

rFire   + .          .
                       - Unarmed
rCold   . . .        (no shield)
rNeg    . . .        u - +0 ring mail
rPois   .            (helmet currently unavailable)
rElec   .            (cloak currently unavailable)
rCorr   .            (gloves currently unavailable)
SInv    .            (boots currently unavailable)
Will    .....        j - amulet of guardian spirit
Stlth   +            p - ring of protection from fire
HPRegen 0.29/turn    (no ring)
MPRegen 0.11/turn

%: guardian spirit
@: beast-form
A: beast (slay +4), hooves 2, rugged brown scales 2, demonic guardian 1,
condensation shield
a: Begin Untransformation, Renounce Religion


You were on level 6 of the Dungeon.
You worshipped Trog.
Trog was noncommittal.
You were a hulking beast.
You visited 1 branch of the dungeon, and saw 6 of its levels.

You collected 219 gold pieces.

Inventory:

Armour
 a - a +0 animal skin
 u - a +0 ring mail (worn)
Jewellery
 j - an amulet of guardian spirit (around neck)
 p - a ring of protection from fire (left hand)
 w - an amulet of faith
Talismans
 c - a beast talisman
 d - a flux talisman
 k - a blade talisman
Wands
 v - a wand of flame (17)
 y - a wand of polymorph (22)
Scrolls
 e - 2 scrolls of enchant armour {unknown}
 i - 4 scrolls of identify {unknown}
 l - a scroll of vulnerability {unknown}
 m - 4 scrolls of teleportation {unknown}
 n - a scroll of acquirement {unknown}
 o - 3 scrolls of noise {unknown}
 q - 2 scrolls of amnesia {unknown}
 x - a scroll of revelation {unknown}
Potions
 b - 2 potions of lignification
 f - 4 potions of heal wounds {unknown}
 g - 2 potions of haste {unknown}
 h - 2 potions of attraction {unknown}
 r - 2 potions of brilliance {unknown}
 s - a potion of resistance {unknown}
 t - a potion of mutation {unknown}
 z - a potion of might {unknown}


   Skills:
 - Level 1.0 Fighting
 - Level 1.7 Dodging
 + Level 6.5 Unarmed Combat
 + Level 7.5 Shapeshifting


You had 7 spell levels left.
You didn't know any spells.
Your spell library contained the following spells:

 Spells                   Type           Power      Damage    Failure   Level
 Frozen Ramparts          Ice            0%         1d1       89%         3
 Petrify                  Tmut/Erth      0%         N/A       100%        4
 Metabolic Englaciation   Hex/Ice        0%         N/A       100%        5


Dungeon Overview and Level Annotations

Branches:
Dungeon (6/15)
 Temple: D:4-7

Altars:
Kikubaaqudgha
Trog
Wu Jian

Shops:
D:4 =

Annotations:
D:3 3 runed translucent doors, strawberryx3c's ghost, novice GnWn
D:6 Pikel


Innate Abilities, Weirdness & Mutations

You are a hulking beast.
Your limbs bulge with bestial killing power. (Slay +4)
You have hoof-like feet.
You are mostly covered in rugged brown scales. (AC +2, +5% HP)
A weak demonic guardian rushes to your aid.
A meltable shield of frost defends you. (SH +4)


Message History

An orc comes into view. It is wielding a +0 club.
The orc shouts!
The gnoll bouda gazes fiercely through you!
You feel your attacks grow feeble.
You hear a shout!
Pikel attacks as he pursues you! Pikel closely misses you.
You hit Pikel. You kick Pikel, but do no damage.
Pikel is lightly wounded.
You closely miss Pikel. Your kick misses Pikel.
Pikel is lightly wounded.
Pikel hits you with a +0 whip of electrocution.
You hit Pikel.
Pikel is moderately wounded.
Pikel hits you with a +0 whip of electrocution.
You closely miss Pikel.
Pikel is moderately wounded.
Pikel hits you but does no damage.
You hit Pikel but do no damage. Your kick misses Pikel.
Pikel is moderately wounded.
Your attacks no longer feel as feeble.
Pikel hits you with a +0 whip of electrocution!
You hit Pikel. You kick Pikel.
Pikel is heavily wounded.
Pikel hits you with a +0 whip of electrocution!
You closely miss Pikel. You kick Pikel.
Pikel is severely wounded.
Pikel hits you with a +0 whip of electrocution.
You hit Pikel but do no damage. You kick Pikel.
Pikel is almost dead.
You closely miss Pikel.
Pikel is almost dead.
Pikel hits you but does no damage.
You are electrocuted!!
* * * LOW HITPOINT WARNING * * *
You closely miss Pikel.
Pikel is almost dead.
Pikel hits you with a +0 whip of electrocution.
* * * LOW HITPOINT WARNING * * *
A demonic guardian appears!
You are electrocuted!
You die...
Pikel says, "See you in Hell!"

.# ......## .#
...##......##.#
#....#.##.(..###
#.<....##..##..
#<.....#.# ##.....#.#
##..##....#
#.5####...#####.
#h##.5...?......
..#.##K##..#..###.###
....<..o5.5##.55...#
.....#####.gg##....#
...# #..#>.##5..# ..
....###......# #..###
###.#.# #. #... # #.


You could see Pikel (ally target), a lemure, an orc and a friendly shadow imp
(summoned).

Vanquished Creatures
  Sigmund (D:4)
  2 water moccasins
  An ice beast (D:4)
  5 scorpions
  A howler monkey (D:4)
  An orc priest (D:5)
  A hound (D:5)
  4 iguanas
  Natasha (D:2)
  2 orc wizards
  7 gnolls
  6 adders
  A worm (D:3)
  5 dart slugs
  10 orcs
  8 ball pythons
  13 endoplasms
  A giant cockroach (D:1)
  16 goblins
  5 hobgoblins
  8 jackals
  2 quokkas
  9 bats
  4 frilled lizards
  5 kobolds
  5 rats
124 creatures vanquished.

Vanquished Creatures (collateral kills)
  A phantom (D:5)
  A kobold brigand (D:4)
  Natasha (D:2)
  Robin (D:2)
  A dart slug (D:2)
  An endoplasm (D:2)
  A goblin (D:2)
  A hobgoblin (D:2)
8 creatures vanquished.

Grand Total: 132 creatures vanquished

Notes
Turn   | Place    | Note
-------+----------+-------------------------------------------
     0 | D:1      | DocClef the Demonspawn Shapeshifter began the quest for the
                  | Orb.
     0 | D:1      | Reached XP level 1. HP: 15/15 MP: 1/1
   129 | D:1      | Reached skill level 3 in Shapeshifting
   168 | D:1      | Gained mutation: You are partially covered in rugged brown
                  | scales. (AC +1, +3% HP) [demonic ancestry]
   168 | D:1      | Reached XP level 2. HP: 15/21 MP: 2/2
   573 | D:1      | Gained mutation: A weak demonic guardian rushes to your
                  | aid. [demonic ancestry]
   573 | D:1      | Reached XP level 3. HP: 26/26 MP: 3/3
  1591 | D:2      | Reached skill level 4 in Shapeshifting
  1842 | D:2      | Found a faded altar of an unknown god.
  1922 | D:2      | Noticed Robin
  1934 | D:2      | Gained mutation: A meltable shield of frost defends you.
                  | (SH +4) [demonic ancestry]
  1934 | D:2      | Reached XP level 4. HP: 17/32 MP: 0/4
  1939 | D:2      | Killed Robin
  2240 | D:2      | Noticed Natasha
  2248 | D:2      | Killed Natasha
  2420 | D:2      | Noticed Natasha
  2427 | D:2      | Killed Natasha
  2428 | D:2      | Gained mutation: You have large cloven feet. [demonic
                  | ancestry]
  2428 | D:2      | Reached XP level 5. HP: 7/38 MP: 1/5
  2644 | D:3      | Found an ancient bone altar of Kikubaaqudgha.
  2653 | D:3      | Reached skill level 5 in Shapeshifting
  2662 | D:3      | Identified the +1 scale mail of Wu Jian's Scorn {+Inv Will-
                  | Int+3 Stlth-}
  2893 | D:3      | Noticed strawberryx3c's ghost (novice GnWn)
  3252 | D:3      | Found a runed translucent gate.
  3252 | D:3      | Found a runed translucent gate.
  3252 | D:3      | Found a runed translucent gate.
  3591 | D:4      | Gained mutation: You are mostly covered in rugged brown
                  | scales. (AC +2, +5% HP) [demonic ancestry]
  3591 | D:4      | Reached XP level 6. HP: 25/45 MP: 4/6
  3690 | D:4      | Found Zorewoo's Jewellery Shop.
  3723 | D:4      | Noticed an ice beast
  3734 | D:4      | Killed an ice beast
  3932 | D:4      | Reached skill level 6 in Shapeshifting
  3932 | D:4      | Reached XP level 7. HP: 45/50 MP: 5/7
  3958 | D:4      | Noticed Sigmund
  3964 | D:5      | Identified the of Xovat
  3964 | D:5      | Entered Level 5 of the Dungeon
  4387 | D:4      | Killed Sigmund
  4388 | D:4      | Reached skill level 5 in Unarmed Combat
  4700 | D:4      | Gained mutation: You have hoof-like feet. [demonic
                  | ancestry]
  4700 | D:4      | Reached XP level 8. HP: 40/56 MP: 5/8
  4948 | D:4      | Reached skill level 7 in Shapeshifting
  5150 | D:5      | Found an ornate altar of the Wu Jian Council.
  5375 | D:5      | Found a bloodstained altar of Trog.
  5455 | D:5      | Became a worshipper of Trog the Wrathful
  5637 | D:6      | Noticed Pikel
  5656 | D:6      | Slain by Pikel

Illustrated notes

Levels and vault maps discovered:
D:1:      grunt_arrival_crossed_arrows, layout_loops_ring, grunt_decor_clamped
D:2:      layout_basic, shapermc_ecumenical_altar_mp_vishouse,
          minmay_tetromino_l2, uniq_robin, uniq_natasha
D:3:      layout_loops_ring, nicolae_kikubaaqudgha_miasma_corner,
          nicolae_overflow_crystal_walls, gammafunk_ghost_icy
D:4:      layout_loops_ring, serial_shops, nicolae_shop_tiny_statue_garden,
          chequers_arboretum, uniq_sigmund
D:5:      layout_cave_pools, mainiacjoe_overflow_alcove_2, trog_book
D:6:      layout_rooms, led_sif_pool, mainiacjoe_overflow_catch_the_wave,
          minmay_temple_entry_antechambers, uniq_pikel, uniq_crazy_yiuf_cottage,
          uniq_prince_ribbit1, uniq_grinder

Skill      XL: |  1  2  3  4  5  6  7  8 |
---------------+-------------------------+-----
Shapeshifting  | 3 4 5 6 7 |  7.5
Unarmed Combat | 3 4 5 6 |  6.5
Fighting       | |  1.0
Dodging        | |  1.7

Action                     |  1- 3 |  4- 6 |  7- 9 || total
---------------------------+-------+-------+-------++-------
  Melee: Unarmed           |   144 |   109 |   133 ||   386
         Punch             |     2 |       |     8 ||    10
         Kick              |       |    25 |    39 ||    64
   Stab: Sleeping          |     4 |     1 |       ||     5
         Distracted        |       |       |     1 ||     1
 Armour: Animal skin       |    65 |    48 |    11 ||   124
         Ring mail         |       |       |    62 ||    62
  Dodge: Dodged            |    76 |    46 |    69 ||   191
  Block: Other             |       |    11 |    12 ||    23

Table legend: (Time is in decaauts)
 A = Elapsed time spent in this place.
 B = Non-inter-level travel time spent in this place.
 C = Inter-level travel time spent in this place.
 D = Time resting spent in this place.
 E = Time spent auto-exploring this place.
 F = Levels seen in this place.
 G = Mean time per level.
                   A        B        C        D        E       F      G
               +--------+--------+--------+--------+--------+-----+--------+
         Total |   5638 |   5353 |    285 |    336 |   4103 |   6 |  939.7 |
       Dungeon |   5638 |   5353 |    285 |    336 |   4103 |   6 |  939.7 |
               +--------+--------+--------+--------+--------+-----+--------+

Top non-repeatable levels by time:
     D:2: 1654 daAuts
     D:4: 1364 daAuts
     D:1: 929 daAuts
     D:3: 868 daAuts
     D:5: 797 daAuts
     D:6: 24 daAuts
